 Dungeon Sprint DCSS version 0.31.0-9-g3a7656b989 (webtiles) character file.

Game seed: 3722394343370071865

2099 Heoruswealwe the Impaler (level 9, -9/92 HPs)
             Began as a Minotaur Fighter on Feb 4, 2024.
             Was an Initiate of Gozag.
             Mangled by a skeletal warrior
             ... wielding a +0 hand axe
              (14 damage)
             ... in the Dungeon (Sprint IX: "|||||||||||||||||||||||||||||").
             The game lasted 00:02:45 (315 turns).

Heoruswealwe the Impaler (Minotaur Fighter)          Turns: 315, Time: 00:02:47

Health: -9/92      AC: 17    Str: 25    XL:     9   Next: 7%
Magic:  8/8        EV: 11    Int:  5    God:    Gozag
Gold:   459        SH:  0    Dex: 10    Spells: 8/8 levels left

rFire   . . .        b - +2 halberd (venom)
rCold   . . .        (shield currently unavailable)
rNeg    . . .        c - +1 chain mail
rPois   .            (helmet restricted)
rElec   .            (no cloak)
rCorr   .            f - +0 pair of gloves
SInv    .            (no boots)
Will    .....        (no amulet) Stlth
                     k - +2 ring of protection
HPRegen 0.35/turn    j - +2 ring of evasion
MPRegen 0.11/turn

%: no teleportation
@: gold aura
A: horns 2, retaliatory headbutt
a: Renounce Religion, Potion Petition, Call Merchant, Bribe Branch


You were in the Dungeon.
You worshipped Gozag.
Gozag was aware of your devotion.
You visited 1 branch You collected 459 gold pieces.

Inventory:

Hand Weapons
 a - a +0 trident
 b - a +2 halberd of venom (weapon)
Armour
 c - a +1 chain mail (worn)
 d - a +0 buckler
 f - a +0 pair of gloves (worn)
Jewellery
 j - a +2 ring of evasion (right hand)
 k - a +2 ring of protection (left hand)
Wands
 h - a wand of iceblast (10)
Scrolls
 n - 2 scrolls of blinking
Potions
 e - 2 potions of curing
 g - a potion of haste
 i - a potion of berserk rage
 l - 3 potions of heal wounds
 m - a potion of might


   Skills:
 + Level 12.8 Fighting
 * Level 17.1 Polearms
 + Level 12.8 Armour
 - Level 3.6 Shields


You had 8 spell levels left.
You didn't know any spells.
Your spell library was empty.

Dungeon Overview and Level Annotations

Branches:
Dungeon (1/1)

Altars:
Cheibriados
Dithmenos
Elyvilon
Fedhas
Gozag
Hepliaklqana
Kikubaaqudgha
Makhleb
Nemelex Xobeh
Okawaru
Qazlal
Ru
Sif Muna
Trog
Uskayaw
Vehumet
Wu Jian
Xom
Yredelemnul
Zin
The Shining One
Jiyva
Lugonu


Innate Abilities, Weirdness & Mutations

You have a pair of horns on your head.
You reflexively headbutt those who attack you in melee.


Message History

The boulder beetle looks even sicker.
You headbutt the boulder beetle!
The boulder beetle is moderately wounded.
The boulder beetle bites you.
* * * LOW HITPOINT WARNING * * *
The kobold demonologist casts a cantrip, but nothing happens.
You hit the boulder beetle.
The boulder beetle looks as sick as possible!
The boulder beetle is moderately wounded.
The boulder beetle leaps!
You impale the manticore!!
The manticore is poisoned.
The manticore is heavily wounded.
You hit the manticore.
You headbutt the manticore, but do no damage.
The manticore is severely wounded.
The kobold demonologist is distracted by your dazzling golden aura.
The manticore bites you but does no damage.
The manticore claws you but does no damage. x2
The kobold demonologist shouts!
You slice the manticore!!
You kill the manticore!
The skeletal warrior is no longer distracted by gold.
The boulder beetle waves its antennae.
Your Polearms skill increases to level 17!
You have reached level 9!
Your experience leads to an increase in your attributes!
Increase (S)trength, (I)ntelligence, or (D)exterity?
You feel stronger. x2
The kobold demonologist is no longer distracted by gold.
The boulder beetle is distracted by your dazzling golden aura.
Things that are here:
252 gold pieces; a +0 orcbow You hit the skeletal warrior.
The skeletal warrior is lightly damaged.
You barely miss the skeletal warrior.
Your headbutt misses the skeletal warrior.
The skeletal warrior is lightly damaged.
The kobold demonologist casts a spell.
The skeletal warrior hits you with a +0 hand axe!
You die...
Your body crumbles into a pile of gold.

▓+▓
▓5▓
▓K▓
▓5▓
▓z▓
▓@▓
▓$▓
▓'▓
▓B▓
▓.▓
▓.▓
▓.▓
▓.▓
▓.▓


You could see a boulder beetle (very poisoned), a skeletal warrior, a kobold
demonologist, an iron imp (summoned) and a white imp (summoned).

Vanquished Creatures
  2 centaur warriors (D)
  A manticore (D)
  A yak (D)
  A steam dragon (D)
  An ogre (D)
  A gnoll sergeant (D)
  A killer bee (D)
  2 howler monkeys (D)
  A hound (D)
  2 dart slugs (D)
  An orc (D)
  A ball python (D)
  A hobgoblin (D)
  A quokka (D)
  A bat (D)
  A rat (D)
19 creatures vanquished.

Notes
Turn   | Place    | Note
-------+----------+-------------------------------------------
     0 | D        | Heoruswealwe the Minotaur Fighter began the quest for the
                  | Orb.
     0 | D        | Reached XP level 1. HP: 19/19 MP: 0/0
     8 | D        | Reached skill level 3 in Polearms
    42 | D        | Noticed a hound
    42 | D        | Noticed an ogre
    44 | D        | Reached skill level 4 in Polearms
    50 | D        | Killed an ogre
    51 | D        | Reached skill level 7 in Polearms
    51 | D        | Reached XP level 2. HP: 30/30 MP: 1/1
    51 | D        | Reached XP level 3. HP: 37/37 MP: 2/2
    51 | D        | Reached XP level 4. HP: 44/44 MP: 3/3
    66 | D        | Reached skill level 8 in Polearms
    74 | D        | Found a snail-covered altar of Cheibriados.
    74 | D        | Found a shadowy altar of Dithmenos.
    74 | D        | Found a white marble altar of Elyvilon.
    74 | D        | Found a blossoming altar of Fedhas.
    74 | D        | Found an opulent altar of Gozag.
    75 | D        | Found a hazy altar of Hepliaklqana.
    76 | D        | Found a viscous altar of Jiyva.
    77 | D        | Found an ancient bone altar of Kikubaaqudgha.
    78 | D        | Found a corrupted altar of Lugonu.
    79 | D        | Found a burning altar of Makhleb.
    80 | D        | Found a sparkling altar of Nemelex Xobeh.
    81 | D        | Found an iron altar of Okawaru.
    82 | D        | Became a worshipper of Gozag Ym Sagoz the Greedy
    83 | D        | Found a stormy altar of Qazlal.
    84 | D        | Found a sacrificial altar of Ru.
    85 | D        | Found a shimmering blue altar of Sif Muna.
    86 | D        | Found a bloodstained altar of Trog.
    87 | D        | Found a hide-covered altar of Uskayaw.
    88 | D        | Found a radiant altar of Vehumet.
    89 | D        | Found an ornate altar of the Wu Jian Council.
    90 | D        | Found a shimmering altar of Xom.
    91 | D        | Found a basalt altar of Yredelemnul.
    92 | D        | Found a glowing silver altar of Zin.
    93 | D        | Found a glowing golden altar of the Shining One.
   145 | D        | Noticed a steam dragon
   145 | D        | Noticed a gnoll sergeant
   145 | D        | Noticed a yak
   149 | D        | Reached skill level 9 in Polearms
   149 | D        | Reached XP level 5. HP: 45/52 MP: 4/4
   155 | D        | Killed a yak
   156 | D        | Reached skill level 11 in Polearms
   156 | D        | Reached XP level 6. HP: 30/62 MP: 5/5
   166 | D        | Killed a steam dragon
   167 | D        | Reached skill level 12 in Polearms
   168 | D        | Reached XP level 7. HP: 34/71 MP: 6/6
   171 | D        | Reached skill level 13 in Polearms
   291 | D        | Noticed a kobold demonologist
   291 | D        | Noticed a skeletal warrior
   291 | D        | Noticed a manticore
   291 | D        | Noticed a boulder beetle
   291 | D        | Noticed a centaur warrior
   291 | D        | Noticed a centaur warrior
   297 | D        | Killed a centaur warrior
   298 | D        | Reached skill level 15 in Polearms
   298 | D        | Reached XP level 8. HP: 47/82 MP: 7/7
   305 | D        | Killed a centaur warrior
   306 | D        | Reached skill level 16 in Polearms
   308 | D        | HP: 3/84 [boulder beetle (3)]
   312 | D        | Killed a manticore
   313 | D        | Reached skill level 17 in Polearms
   313 | D        | Reached XP level 9. HP: 4/92 MP: 8/8
   315 | D        | Mangled by a skeletal warrior

Illustrated notes

Levels and vault maps discovered:
D:        linesprint [early_d, line_temple, items_1, d_10, items_2, lair_1,
          lair_end, items_3, orc_1, orc_end, items_4, d_15, swamp_1, shoals_1,
          snake_1, spider_1, d_20, vaults_1, items_5, swamp_end, shoals_end,
          snake_end, spider_end, vaults_end, d_27, items_6, zot_1, zot_end,
          crypt_end, forest_end, elf_end, slime_end, tomb_end, abyss_end,
          pan_hell_end]

Skill      XL: |  1  2  3  4  5  6  7  8 |
---------------+-------------------------+-----
Polearms       | 7 9 11 12 15 17 | 17.1
Fighting       | 6 7 8 9 11 12 | 12.8
Armour         | 6 7 8 9 11 12 | 12.8
Shields        | |  3.6

Action                     |  1- 3 |  4- 6 |  7- 9 || total
---------------------------+-------+-------+-------++-------
  Melee: Trident           |    23 |    13 |       ||    36
         Headbutt          |     2 |     5 |     6 ||    13
         Halberd           |       |    17 |    24 ||    41
    Use: Potion            |       |     3 |       ||     3
 Armour: Scale mail        |    12 |    11 |       ||    23
         Chain mail        |       |    18 |    29 ||    47
  Dodge: Dodged            |     8 |    12 |     6 ||    26
  Block: Buckler           |     4 |     3 |       ||     7
